 Dungeon Crawl Stone Soup version 0.29-a0-823-gc37b1572da (webtiles) character file.

Game seed: 12199840359534680698

254 blackman the Magician (level 6, -5/40 HPs)
             Began as a Djinni Fire Elementalist on July 8, 2022.
             Slain by Edmund
             ... wielding a +2 dire flail of protection
              (13 damage)
             ... on level 4 of the Dungeon.
             The game lasted 00:19:44 (6171 turns).

blackman the Magician (Djinni Fire Elementalist)    Turns: 6171, Time: 00:19:45

Health: -5/40      AC:  4    Str:  7    XL:     6   Next: 37%
Gold:   108        EV: 12    Int: 18    God:
                   SH:  0    Dex: 14

rFire   + + .      SeeInvis .   g - +1 dagger (venom)
rCold   x . .      Faith    .   (no shield)
rNeg    . . .      Spirit   .   a - +0 robe
rPois   ∞          Reflect  .   (no helmet)
rElec   .          Harm     .   f - +0 cloak
rCorr   .          Rampage  .   e - +0 pair of gloves
Will    .....                   (boots unavailable)
Stlth   ++........              (no amulet)
HPRegen 0.13/turn               (no ring)
MPRegen 0.00/turn               (no ring)

@: flying
A: sickness immunity, fire resistance 2, cold vulnerability 1, float, innate
caster, HP casting, extra vitality 1
a: no special abilities


You were on level 4 of the Dungeon.
You visited 1 branch of the dungeon, and saw 4 of its levels.

You collected 108 gold pieces.

Inventory:

Hand Weapons
 g - a +1 dagger of venom (weapon)
 l - a +0 trident
Armour
 a - a +0 robe (worn)
 e - a +0 pair of gloves (worn)
 f - a +0 cloak (worn)
Wands
 p - a wand of flame (10)
Scrolls
 b - 2 scrolls of teleportation
 d - a scroll of noise
 h - a scroll of fog
 m - a scroll of vulnerability
 r - a scroll of immolation
Potions
 n - a potion of degeneration
 q - a potion of flight {unknown}


   Skills:
 - Level 2.1 Dodging
 - Level 1.5 Stealth
 * Level 5.2 Spellcasting


You couldn't memorise any spells.
You knew the following spells:

 Your Spells              Type           Power      Damage    Failure   Level
a - Foxfire               Conj/Fire      92%        2x1d8     1%          1
b - Scorch                Fire           46%        2d7       2%          2
c - Conjure Flame         Conj/Fire      23%        6-21      4%          3
d - Inner Flame           Hex/Fire       23%        N/A       4%          3
e - Flame Wave            Conj/Fire      23%        2d7       16%         4
f - Magic Dart            Conj           92%        1d7       1%          1
g - Poisonous Vapours     Pois/Air       46%        N/A       2%          2
Your spell library was empty.

Dungeon Overview and Level Annotations

Branches:
Dungeon (4/15)
 Temple: D:4-7

Altars:
Hepliaklqana
Nemelex Xobeh

Annotations:
D:4 Edmund


Innate Abilities, Weirdness & Mutations

You are immune to sickness and miasma.
You are immune to poison.
Your flesh is very heat resistant. (rF++)
You are vulnerable to cold. (rC-)
You float through the air rather than walking.
You learn spells naturally, not from books.
Your magical power is your life essence.
You have superior vitality. (+4 MHP)


Message History

Poisonous vapours surround Edmund!
Edmund looks even sicker.
Casting: Poisonous Vapours (safe; 2% risk of failure)
Confirm with . or Enter, or press ? or * to list all spells.
You conjure some foxfire!
The foxfire hits Edmund.
Edmund is moderately wounded.
The foxfire hits Edmund but does no damage.
Edmund is heavily wounded.
Casting: Foxfire (safe; 1% risk of failure)
Confirm with . or Enter, or press ? or * to list all spells.
You conjure some foxfire!
The foxfire hits Edmund.
Edmund is heavily wounded.
The foxfire hits Edmund.
Edmund is severely wounded.
Casting: Foxfire (safe; 1% risk of failure)
Confirm with . or Enter, or press ? or * to list all spells.
The fire begins to smoulder!
Edmund drinks a potion.
Edmund is healed!
Edmund attacks as you move away! Edmund barely misses you.
Edmund smothers the flame.
Casting: Conjure Flame (dangerous; 4% risk of failure)
Confirm with . or Enter, or press ? or * to list all spells.
Flames lash Edmund.
Edmund is heavily wounded.
Edmund's fire resistance burns away.
Edmund hits you with a +2 dire flail of protection!
Casting: Scorch (safe; 2% risk of failure)
Confirm with . or Enter, or press ? or * to list all spells.
The spell is quite dangerous to miscast (16% risk of failure)!
Continue anyway?
Casting: Flame Wave (quite dangerous; 16% risk of failure)
Press: ? - help, Dir - look around, f - activate A wave of flame ripples out!
The flame wave engulfs Edmund!
Edmund is burned terribly!
Edmund is severely wounded. (Press . to intensify the flame waves.) Edmund hits you with a +2 dire flail of protection!
* * * LOW HITPOINT WARNING * * *
It was a potion of curing.
You feel better.
Edmund is no longer more vulnerable to fire.
Edmund hits you with a +2 dire flail of protection!
You die...

.................#
#####.#[.#.
....#.##.#########
####.....)[...
......##.#
#...........##
...O.....#
####.###.##.##
...#...#.# #.#
#...... ..##...#@#
#.# #.#..#.
..##...#.# #.#
#.#..#. ..##...#.#
######### #.# #....#.
.........####..@@...#
#.# ###.##.
########.○..........#
#.# #.##.
######.......# #.#
#.##. #.......#
#.#####.##. #########
#.......### #.#####.#
#.# ### #.# #.#


You could see Edmund (poisoned).

Vanquished Creatures
  An ogre (D:4)
  An orc priest (D:4)
  An orc wizard (D:4)
  5 adders
  3 worms
  4 dart slugs
  8 orcs
  8 ball pythons
  2 bats
  2 endoplasms
  3 goblins
  3 hobgoblins
  2 quokkas
  2 frilled lizards
  3 kobolds
  7 rats
55 creatures vanquished.

Vanquished Creatures (others)
  118 foxfires
118 creatures vanquished.

Grand Total: 173 creatures vanquished

Notes
Turn   | Place    | Note
-------+----------+-------------------------------------------
     0 | D:1      | blackman the Djinni Fire Elementalist began the quest for
                  | the Orb.
     0 | D:1      | blackman set off with the following spells memorised:
                  | Foxfire, Scorch, Conjure Flame, Inner Flame, Flame Wave.
     0 | D:1      | Reached XP level 1. HP: 15/15 MP: 0/0
   438 | D:1      | Reached XP level 2. HP: 16/21 MP: 0/0
   687 | D:1      | Reached skill level 3 in Spellcasting
   908 | D:1      | Reached XP level 3. HP: 20/25 MP: 0/0
   908 | D:1      | Learned a level 1 spell: Magic Dart
  2715 | D:2      | Reached XP level 4. HP: 29/31 MP: 0/0
  3677 | D:3      | Found a sparkling altar of Nemelex Xobeh.
  3721 | D:3      | Found a hazy altar of Hepliaklqana.
  4342 | D:4      | Reached skill level 4 in Spellcasting
  4344 | D:3      | HP: 1/31 [orc/+0 short sword (1)]
  4728 | D:4      | Reached XP level 5. HP: 15/35 MP: 0/0
  4728 | D:4      | Learned a level 2 spell: Poisonous Vapours
  5379 | D:4      | Noticed Edmund
  5412 | D:4      | Noticed an ogre
  5831 | D:4      | Killed an ogre
  5832 | D:4      | Reached skill level 5 in Spellcasting
  5832 | D:4      | Reached XP level 6. HP: 12/40 MP: 0/0
  6171 | D:4      | Slain by Edmund

Illustrated notes

Levels and vault maps discovered:
D:1:      nicolae_arrival_somewhat_less_tricky_arrival, layout_basic
D:2:      layout_loops_ring, minmay_misc_feat_cross
D:3:      layout_loops_ring, nzn_hepliaklqana_mist_gate,
          nemelex_diamond_rough_becter
D:4:      layout_basic, mainiacjoe_overflow_paths,
          nicolae_ru_great_annihilating_truth, uniq_edmund

Skill      XL: |  1  2  3  4  5 |
---------------+----------------+-----
Spellcasting   | 3 4 5 |  5.2
Dodging        | |  2.1
Stealth        | |  1.5

Action                   |  1- 3 |  4- 6 || total
-------------------------+-------+-------++-------
Melee: Dagger            |     8 |    32 ||    40
       Punch             |       |     1 ||     1
 Cast: Foxfire           |    46 |    28 ||    74
       Conjure Flame     |     5 |     7 ||    12
       Magic Dart        |     3 |     4 ||     7
       Scorch            |     2 |     5 ||     7
       Inner Flame       |     2 |     4 ||     6
       Flame Wave        |       |     7 ||     7
       Poisonous Vapours |       |    14 ||    14
  Use: Potion            |       |     5 ||     5
       Scroll            |       |     5 ||     5
 Stab: Sleeping          |       |     2 ||     2
Armor: Robe              |     1 |    10 ||    11
Dodge: Dodged            |    13 |    32 ||    45

Table legend: (Time is in decaauts)
 A = Elapsed time spent in this place.
 B = Non-inter-level travel time spent in this place.
 C = Inter-level travel time spent in this place.
 D = Time resting spent in this place.
 E = Time spent auto-exploring this place.
 F = Levels seen in this place.
 G = Mean time per level.
                   A        B        C        D        E       F      G
               +--------+--------+--------+--------+--------+-----+--------+
         Total |   6170 |   6006 |    164 |   2250 |   3174 |   4 | 1542.5 |
       Dungeon |   6170 |   6006 |    164 |   2250 |   3174 |   4 | 1542.5 |
               +--------+--------+--------+--------+--------+-----+--------+

Top non-repeatable levels by time:
     D:1: 2089 daAuts
     D:3: 1981 daAuts
     D:4: 1091 daAuts
     D:2: 1007 daAuts
